 Dungeon Crawl Stone Soup version 0.21.1-1-g345015f (webtiles) character file.

199616 troglodite the Blocker (level 18, 0/143 HPs)
             Began as a Demonspawn Berserker on Apr 18, 2018.
             Was a High Priest of Trog.
             Slain by a death yak (22 damage)
             ... summoned by a spriggan berserker
             ... on level 4 of the Swamp on Apr 19, 2018.
             The game lasted 02:34:26 (44752 turns).

troglodite the Blocker (Demonspawn Berserker)      Turns: 44752, Time: 02:34:29

Health: 0/143      AC: 32    Str: 24    XL:     18   Next: 24%
Magic:  18/18      EV: 16    Int: 13    God:    Trog [*****.]
Gold:   352        SH: 21    Dex: 25    Spells: 17/17 levels left

rFire    . . .     SeeInvis .   e - +6 scimitar (flame)
rCold    . . .     Gourm    .   v - +0 large shield
rNeg     + . .     Faith    .   F - +9 shadow dragon scales "Supnirr" {+Fly Stlth++++}
rPois    .         Spirit   .   O - +2 helmet
rElec    .         Reflect  .   X - scarf {repulsion}
rCorr    .         Harm     .   (gloves unavailable)
MR       +....                  a - +2 pair of boots {run}
Stlth    +++++++++.             (no amulet)
HPRegen  0.33/turn              B - ring of positive energy
MPRegen  0.16/turn              n - ring of the Oligarchy {Str+5 Int+4 Slay+2 Stlth+}

@: repel missiles, quick
A: claws 3, thin skeletal structure 3, demonic guardian 2, powered by pain 3,
augmentation 1
a: Berserk, Trog's Hand, Brothers in Arms, Burn Spellbooks, Renounce Religion,
Evoke Flight


You were on level 4 of the Swamp.
You worshipped Trog.
Trog was extremely pleased with you.
You were not hungry.

You visited 5 branches of the dungeon, and saw 30 of its levels.
You also visited: Ossuary and Ice Cave.

You collected 2865 gold pieces.
You spent 2513 gold pieces at shops.

Inventory:

Hand Weapons
 e - a +6 scimitar of flaming (weapon)
 N - a +9 demon trident of freezing
Armour
 a - a +2 pair of boots of running (worn)
 v - a +0 large shield (worn)
 F - the +9 shadow dragon scales "Supnirr" (worn) {+Fly Stlth++++}
   (You bought it in a shop on level 8 of the Dungeon)

   It lets you fly.
   It makes you much more stealthy.
 O - a +2 helmet (worn)
 X - a scarf of repulsion (worn)
Jewellery
 n - the ring of the Oligarchy (right claw) {Str+5 Int+4 Slay+2 Stlth+}
   (You bought it in a shop on level 2 of the Orcish Mines)

   [ring of stealth]

   It affects your strength (+5).
   It affects your intelligence (+4).
   It affects your accuracy and damage with ranged weapons and melee attacks
   (+2).
   It makes you more stealthy.
 o - an uncursed ring of protection from cold
 B - a ring of positive energy (left claw)
Wands
 j - a wand of disintegration (10)
 p - a wand of flame (57)
 r - a wand of random effects (52)
 t - a wand of digging (27)
 z - a wand of iceblast (14)
 G - a wand of acid (7)
 J - a wand of polymorph (25)
 L - a wand of paralysis (9)
 Q - a wand of enslavement (12)
Scrolls
 g - 2 scrolls of enchant weapon
 l - 18 scrolls of teleportation
 q - 3 scrolls of fear
 w - 5 scrolls of blinking
 x - 9 scrolls of identify
 y - 3 scrolls of fog
 C - a scroll of silence
 E - 8 scrolls of magic mapping
 M - 8 scrolls of remove curse
 R - 5 scrolls of enchant armour
 U - 5 scrolls of summoning
Potions
 b - 6 potions of brilliance
 d - 9 potions of lignification
 f - 2 potions of mutation
 h - 9 potions of might
 i - 7 potions of flight
 k - 3 potions of haste
 m - 3 potions of ambrosia
 s - 10 potions of curing
 A - a potion of berserk rage
 D - 2 potions of invisibility
 H - 3 potions of agility
 I - 3 potions of heal wounds
 K - 2 potions of resistance
 S - 2 potions of magic
Comestibles
 c - 23 rations


   Skills:
 * Level 13.0 Fighting
 + Level 7.0 Long Blades
 + Level 12.1 Polearms
 * Level 13.0 Armour
 * Level 11.2 Dodging
 * Level 11.7 Stealth
 * Level 13.9 Shields


You had 17 spell levels left.
You didn't know any spells.

Dungeon Overview and Level Annotations

Branches:
Dungeon (15/15)            Temple (0/1) D:5            Lair (6/6) D:11
  Swamp (4/4) Lair:4       Spider (0/4) Lair:4        Slime (0/5) Lair:5
    Orc (2/2) D:9             Elf (3/3) Orc:2        Vaults (0/5) D:13
 Depths (0/5) D:15

Altars:
Cheibriados
Dithmenos
Fedhas
Hepliaklqana
Kikubaaqudgha
Makhleb
Nemelex Xobeh
Okawaru
Qazlal
Ru
Sif Muna
Trog
Vehumet
Xom
Zin
The Shining One
Beogh
Jiyva

Shops:
D:4 :%(   D:8 [%=   D:15 }   Orc:2 (=[*   Elf:2 ?

Portals:
Trove: Elf:2 (give 21 scrolls of identify)


Innate Abilities, Weirdness & Mutations

You have claws for hands.
You have an unnaturally thin skeletal structure. (Dex +6, Stealth++)
A demonic guardian rushes to your aid.
You are powered by pain.
Your magical and physical power is slightly enhanced at high health.


Message History

Your troll dies!
Your troll's corpse disappears in a puff of smoke!
The death yak bellows!
You block the spriggan berserker's attack.
Your iron troll goes berserk!
You feel somewhat more hungry.
The spriggan berserker closely misses you.
The death yak gores you but does no damage.
The death yak misses you.
You riposte.
You hit the death yak. You burn the death yak.
The death yak is almost dead.
Unknown command.
As you read the scroll of fear, it crumbles to dust.
You assume a fearsome visage.
The spriggan berserker resists with almost no effort.
You block the death yak's attack.
Your iron troll misses the spriggan berserker.
Your iron troll closely misses the spriggan berserker. x2
The death yak closely misses you. The death yak gores you!!
You die...

...≈.≈..≈.≈..≈≈≈..≈♣♣
≈≈≈.≈....≈.≈.≈.≈...♣
≈≈.......≈≈.≈♣.≈[≈♣♣
..≈.....≈≈.≈.≈.≈♣.♣♣
.....≈≈≈≈..≈≈♣.≈..≈♣
.≈≈..≈≈.≈.≈≈≈≈.≈≈.≈♣
..≈..≈.≈§.§..♣≈.♣§♣♣
≈≈...≈..≈..§§§≈Y.≈♣♣
≈.≈≈.≈..≈.§§≈≈≈Y@.≈♣
≈...≈....≈...T.i♣≈♣♣
.≈....≈.≈≈.≈.♣≈≈.♣♣
...≈...≈.≈≈..≈.≈≈♣
≈≈...≈.≈...≈...≈♣♣♣♣
....≈♣....≈...≈≈≈♣.♣♣
.≈...≈..≈≈..≈.......♣
.≈.≈...........≈≈≈≈♣♣♣♣
.≈≈..≈..≈.≈..≈♣...≈.♣≈♣♣♣


You could see 2 death yaks, a spriggan berserker (berserk) and a friendly iron
troll (berserk).

Vanquished Creatures
  A deep elf blademaster (Elf:2)
  5 thorn hunters
  The ghost of Totori the Sharpshooter, an adept CeHu of Okawaru (Elf:3)
  Donald (Elf:2)
  The ghost of arthur the Earth Mage, an adept GrEE of Vehumet (Elf:1)
  The ghost of Terandir the Severer, an adept MiFi of Cheibriados (Elf:1)
  Roxanne (D:15)
  Aizul (Elf:1)
  The ghost of arthur the Destroyer, a journeyman DgCj (Lair:3)
  A very ugly thing (Swamp:2)
  A deep elf demonologist (Elf:1)
  Azrael (D:14)
  A dire elephant (D:15)
  Snorg (Lair:6)
  A blizzard demon (IceCv)
  Fannar (Lair:3)
  18 hydras
  Harold (Lair:2)
  2 ghost crabs
  Erolcha (D:9)
  A centaur warrior (D:15)
  A death knight (D:12)
  4 two-headed ogres
  8 alligators
  23 dancing weapons
  4 death yaks (Lair:6)
  6 deep elf knights (Elf:2)
  4 skeletal warriors (D:13)
  A fire crab (Lair:5)
  3 shambling mangroves
  9 swamp dragons
  2 orc knights
  3 deep elf archers
  A wolf spider (D:15)
  An orb spider (Lair:4)
  5 ugly things
  An oklob plant (Lair:2)
  3 manticores
  38 deep elf magi
  2 orc sorcerers
  7 cyclopes
  A salamander (D:15)
  An elephant (shapeshifter) (D:14)
  4 ice statues
  7 black mambas
  4 elephants (Lair:5)
  29 spiny frogs
  A gargoyle (D:11)
  4 kobold demonologists
  3 anaconda simulacra (IceCv)
  7 komodo dragons
  A freezing wraith (D:12)
  A rime drake (Lair:4)
  7 ice devils (IceCv)
  2 trolls
  8 tyrant leeches
  8 bog bodies
  9 slime creatures
  Grinder (D:3)
  6 hornets
  A polar bear (D:10)
  8 blink frogs
  3 dream sheep
  A meliai zombie (D:12)
  6 hippogriffs
  12 spriggans
  A shadow (D:13)
  A wraith (D:14)
  An air elemental (Elf:3)
  2 dire elephant simulacra (IceCv)
  3 water elementals
  3 wyverns
  9 fire elementals
  2 vampires
  A human (D:8)
  18 yaks
  A steam dragon (Lair:4)
  14 vampire mosquitoes
  2 hungry ghosts
  6 insubstantial wisps (Swamp:1)
  Edmund (D:4)
  13 swamp worms
  A harpy simulacrum (IceCv)
  3 wargs
  3 iron troll simulacra (IceCv)
  13 water moccasins
  2 hell hounds (D:14)
  2 soldier ants
  A hydra simulacrum (IceCv)
  9 porcupines
  6 swamp drakes
  4 black bears
  2 sky beasts
  2 ice beasts
  3 phantoms
  21 orc warriors
  4 necrophages (Lair:3)
  An eye of draining (D:13)
  5 boggarts (D:14)
  5 wolves
  6 ogres
  8 centaurs
  14 crocodiles
  3 big kobolds
  19 bullfrogs
  5 earth elementals
  2 wyvern zombies
  3 scorpions
  5 wights
  An oklob sapling (D:5)
  9 killer bees
  5 electric eels
  3 howler monkeys
  5 crimson imps
  2 centaur zombies
  2 bullfrog zombies
  A quasit (D:15)
  4 jellies
  27 orc wizards
  3 centaur skeletons
  22 orc priests
  3 bullfrog skeletons
  8 hounds
  Ijyb (D:4)
  Natasha (thrice) (D:4)
  6 iguanas
  9 worker ants
  7 big kobold zombies (Ossuary)
  A mummy (Ossuary)
  5 gnolls
  4 adders
  2 shadow imps
  A white imp (D:10)
  3 ufetubi (D:10)
  2 adder skeletons
  2 worms
  A dart slug (D:1)
  4 leopard geckos
  92 orcs
  2 spectral bats (Ossuary)
  2 ball pythons
  3 bats (D:1)
  6 giant cockroaches
  3 goblins
  4 hobgoblins
  5 jackals
  21 kobolds
  3 quokkas
  2 bat simulacra (Ossuary)
  2 frilled lizards
  5 gnoll zombies (Ossuary)
  A goblin simulacrum (Ossuary)
  9 goblin zombies
  4 hobgoblin zombies
  A jackal zombie (D:7)
  3 kobold simulacra (Ossuary)
  2 kobold zombies (Ossuary)
  A leopard gecko skeleton (D:4)
  5 orc zombies (Ossuary)
  6 rats
  A rat simulacrum (Ossuary)
  2 rat zombies (D:7)
  2 spectral goblins (Ossuary)
  2 spectral kobolds (Ossuary)
  5 spectral rats (Ossuary)
  A briar patch (Swamp:4)
  2 fungi
  2 plants
879 creatures vanquished.

Vanquished Creatures (collateral kills)
  A deep elf sorcerer (Elf:1)
  An orc warlord (Orc:2)
  A slime creature (Swamp:4)
  A blizzard demon (IceCv)
  4 hydras
  A centaur warrior (D:12)
  2 two-headed ogres
  3 alligators
  A death yak (Lair:6)
  2 dancing weapons (Elf:2)
  3 orc high priests (Orc:2)
  A skeletal warrior (D:13)
  2 swamp dragons (Swamp:4)
  Pikel (D:9)
  3 orc knights (Orc:2)
  4 orc sorcerers (Orc:2)
  An ugly thing (D:12)
  8 deep elf magi
  An oklob plant (Lair:2)
  A cyclops (D:15)
  An ice statue (Elf:2)
  A manticore (D:12)
  Joseph (D:9)
  7 spiny frogs
  A rime drake (Lair:6)
  2 ice devils (IceCv)
  A komodo dragon (Lair:3)
  3 trolls (D:10)
  2 hornets (Swamp:2)
  3 tyrant leeches
  Prince Ribbit (D:5)
  5 blink frogs
  3 bog bodies
  4 dream sheep (Lair:6)
  A hippogriff (D:10)
  4 spriggans
  A vampire (D:12)
  A fire elemental (D:14)
  A basilisk (D:15)
  12 yaks
  3 vampire mosquitoes
  A warg (Orc:1)
  2 water moccasins (Lair:4)
  16 orc warriors
  2 swamp drakes (Swamp:4)
  A slave (D:9)
  An ice beast (D:10)
  A black bear (D:6)
  2 necrophages (Lair:3)
  5 ogres
  A tengu (shapeshifter) (D:15)
  A crocodile (Lair:5)
  A bullfrog (Lair:6)
  4 killer bees
  3 wights (D:10)
  A howler monkey (D:4)
  3 crimson imps
  A quasit (D:6)
  3 orc priests (Orc:2)
  9 orc wizards
  2 bullfrog simulacra (D:10)
  A killer bee simulacrum (D:10)
  A gnoll (D:5)
  An adder (D:6)
  An ooze (D:4)
  A leopard gecko (D:4)
  16 orcs
  A quokka (D:6)
  A frilled lizard (D:4)
  A goblin skeleton (D:6)
  2 goblin zombies (D:6)
  2 hobgoblin zombies (D:6)
  A kobold (D:6)
  A kobold skeleton (D:6)
  A kobold zombie (D:6)
  3 briar patches (Swamp:4)
  2 plants (Lair:2)
196 creatures vanquished.

Vanquished Creatures (others)
  A hydra (Swamp:4)
  A spriggan berserker (Swamp:4)
  A bog body (Swamp:1)
  2 slaves (D:9)
  A bullfrog skeleton (D:4)
  A hound (D:9)
  An orc wizard (D:9)
  3 orcs (D:9)
  A goblin simulacrum (Ossuary)
  A kobold simulacrum (Ossuary)
  2 briar patches (Swamp:4)
  13 fungi
  40 plants
  7 toadstools (Swamp:1)
75 creatures vanquished.

Grand Total: 1150 creatures vanquished

Notes
Turn   | Place    | Note
-------+----------+-------------------------------------------
     0 | D:1      | troglodite the Demonspawn Berserker began the quest for the Orb.
     0 | D:1      | Reached XP level 1. HP: 18/18 MP: 1/1
   405 | D:1      | Gained mutation: You have sharp fingernails. [demonic ancestry]
   405 | D:1      | Reached XP level 2. HP: 20/24 MP: 2/2
  1165 | D:1      | Gained mutation: A weak demonic guardian rushes to your aid. [demonic ancestry]
  1165 | D:1      | Reached XP level 3. HP: 23/29 MP: 3/3
  2198 | D:2      | Found a hazy altar of Hepliaklqana.
  2755 | D:3      | Gained mutation: You sometimes gain a little power by taking damage. [demonic ancestry]
  2755 | D:3      | Reached XP level 4. HP: 11/37 MP: 4/4
  3383 | D:3      | Found an iron altar of Okawaru.
  3453 | D:3      | Gained mutation: You have a somewhat thin skeletal structure. (Dex +2, Stealth) [demonic ancestry]
  3453 | D:3      | Reached XP level 5. HP: 42/42 MP: 5/5
  3641 | D:3      | Noticed Grinder
  3658 | D:3      | Killed Grinder
  3658 | D:3      | Reached XP level 6. HP: 49/49 MP: 6/6
  4025 | D:4      | Noticed Ijyb
  4031 | D:4      | Killed Ijyb
  4034 | D:4      | Noticed Edmund
  4037 | D:4      | Noticed Natasha
  4089 | D:4      | Killed Edmund
  4089 | D:4      | Reached ** piety under Trog
  4158 | D:4      | Killed Natasha
  4158 | D:4      | Reached XP level 7. HP: 55/55 MP: 7/7
  4235 | D:4      | Found a sparkling altar of Nemelex Xobeh.
  4272 | D:4      | Found a stormy altar of Qazlal.
  4308 | D:4      | Reached skill level 5 in Armour
  4438 | D:4      | Found Dauv's Weapon Boutique.
  4555 | D:4      | Found Gumeghou's Food Boutique.
  4614 | D:4      | Found Gival's Book Emporium.
  4846 | D:4      | Noticed Natasha
  4856 | D:4      | Killed Natasha
  5108 | D:4      | Noticed Natasha
  5125 | D:4      | Killed Natasha
  5654 | D:5      | Entered Level 5 of the Dungeon
  5663 | D:5      | Reached skill level 5 in Fighting
  5692 | D:5      | Noticed Prince Ribbit
  5963 | D:5      | Killed Prince Ribbit
  5963 | D:5      | Reached skill level 1 in Shields
  5963 | D:5      | Gained mutation: You have a moderately thin skeletal structure. (Dex +4, Stealth+) [demonic ancestry]
  5963 | D:5      | Reached XP level 8. HP: 38/62 MP: 8/8
  6444 | D:5      | Reached skill level 1 in Stealth
  6447 | D:5      | Reached skill level 5 in Long Blades
  6647 | D:5      | Found a staircase to the Ecumenical Temple.
  6708 | D:5      | Found a burning altar of Makhleb.
  6787 | D:5      | Found an ancient bone altar of Kikubaaqudgha.
  6801 | D:5      | Reached *** piety under Trog
  7458 | D:6      | Found a glowing golden altar of the Shining One.
  7714 | D:6      | Gained mutation: You sometimes gain power by taking damage. [demonic ancestry]
  7714 | D:6      | Reached XP level 9. HP: 69/69 MP: 9/9
  7968 | D:6      | Reached **** piety under Trog
  8248 | D:6      | Found a snail-covered altar of Cheibriados.
  8248 | D:6      | Found a blossoming altar of Fedhas.
  8564 | D:7      | Found a sand-covered staircase.
  8632 | Ossuary  | Entered an ossuary
  8960 | Ossuary  | Reached ***** piety under Trog
  9952 | D:7      | Found a shimmering altar of Xom.
 10053 | D:7      | Noticed an angel
 10056 | D:7      | Found a glowing silver altar of Zin.
 10578 | D:7      | Got a crystal spear
 10581 | D:7      | Identified the +6 spear of Blood {pierce, *Drain +Blink Str+3} (You found it on level 7 of the Dungeon)
 10684 | D:7      | Found a bloodstained altar of Trog.
 10720 | D:7      | Received a gift from Trog
 11508 | D:8      | Reached skill level 5 in Dodging
 11508 | D:8      | Gained mutation: A demonic guardian rushes to your aid. [demonic ancestry]
 11508 | D:8      | Reached XP level 10. HP: 76/77 MP: 10/10
 11612 | D:8      | Found Mahiomn's Food Shoppe.
 11660 | D:8      | Reached skill level 1 in Polearms
 11810 | D:8      | Found Jillag's Jewellery Shop.
 12135 | D:8      | Found Cikhego's Armour Boutique.
 12159 | D:8      | Found a sacrificial altar of Ru.
 12423 | D:9      | Noticed Pikel
 12424 | D:9      | Noticed Erolcha
 12426 | D:9      | Paralysed by Erolcha for 4 turns
 12434 | D:9      | Killed Pikel
 12448 | D:9      | Killed Erolcha
 12448 | D:9      | Reached skill level 5 in Shields
 12455 | D:9      | Noticed Joseph
 12465 | D:9      | Killed Joseph
 12694 | D:9      | Found a bloodstained altar of Trog.
 13056 | D:9      | Got a translucent ring mail
 13057 | D:9      | Identified the cursed +1 ring mail of Chill Winds {Str+4} (You found it on level 9 of the Dungeon)
 13108 | D:10     | Entered Level 10 of the Dungeon
 13910 | D:9      | Found a staircase to the Orcish Mines.
 14135 | Orc:1    | Entered Level 1 of the Orcish Mines
 14226 | Orc:2    | Entered Level 2 of the Orcish Mines
 14236 | Orc:2    | Found a staircase to the Elven Halls.
 14280 | Orc:1    | Noticed an orc knight
 14302 | Orc:1    | Killed an orc knight
 14794 | Orc:1    | Noticed an orc knight
 14833 | Orc:2    | Killed an orc knight
 14833 | Orc:2    | Reached skill level 5 in Stealth
 14833 | Orc:2    | Reached XP level 11. HP: 84/84 MP: 11/11
 15273 | Orc:2    | Noticed a two-headed ogre
 15280 | Orc:2    | Killed a two-headed ogre
 15290 | Orc:2    | Found a roughly hewn altar of Beogh.
 15328 | Orc:2    | Noticed an orc sorcerer
 15332 | Orc:2    | Killed an orc sorcerer
 15972 | Orc:2    | Noticed an orc sorcerer
 15972 | Orc:2    | Noticed an orc high priest
 15973 | Orc:2    | Noticed an orc knight
 16046 | Orc:2    | Killed an orc knight
 16277 | Orc:2    | Killed an orc high priest
 16379 | Orc:2    | Noticed an orc knight
 16382 | Orc:2    | Noticed an orc high priest
 16386 | Orc:2    | Killed an orc high priest
 16397 | Orc:2    | Killed an orc knight
 16737 | Orc:2    | Noticed an orc high priest
 16737 | Orc:2    | Noticed an orc sorcerer
 16743 | Orc:2    | Noticed an orc knight
 16761 | Orc:2    | Killed an orc sorcerer
 16770 | Orc:2    | Killed an orc sorcerer
 16786 | Orc:2    | Killed an orc high priest
 16811 | Orc:2    | Killed an orc knight
 16811 | Orc:2    | Reached skill level 5 in Polearms
 17161 | Orc:2    | Noticed an orc sorcerer
 17175 | Orc:2    | Killed an orc sorcerer
 17378 | Orc:2    | Noticed an orc sorcerer
 17383 | Orc:2    | Killed an orc sorcerer
 17386 | Orc:2    | Reached ****** piety under Trog
 17386 | Orc:2    | Received a gift from Trog
 17405 | Orc:2    | Noticed an orc warlord
 17412 | Orc:2    | Killed an orc warlord
 17584 | Orc:2    | Found Ijiomiof's General Store.
 17585 | Orc:2    | Found Kegaush's Jewellery Boutique.
 17587 | Orc:2    | Found Utint's Antique Armour Boutique.
 17587 | Orc:2    | Found Ihywoi's Antique Weapon Shop.
 17613 | Orc:2    | Bought the ring of the Oligarchy {Str+5 Int+4 Slay+2 Stlth+} for 673 gold pieces
 17996 | D:10     | Gained mutation: You have very sharp fingernails. [demonic ancestry]
 17996 | D:10     | Reached XP level 12. HP: 81/92 MP: 12/12
 18337 | D:10     | Noticed a two-headed ogre
 18346 | D:10     | Killed a two-headed ogre
 18760 | D:11     | Noticed a two-headed ogre
 18765 | D:11     | Killed a two-headed ogre
 18940 | D:11     | Noticed a two-headed ogre
 18947 | D:11     | Killed a two-headed ogre
 18997 | D:11     | Found a staircase to the Lair.
 19944 | D:12     | Noticed a centaur warrior
 19957 | D:12     | Killed a centaur warrior
 20190 | D:12     | Reached skill level 10 in Armour
 20196 | D:12     | Received a gift from Trog
 20231 | D:12     | Noticed a two-headed ogre
 20254 | D:12     | Killed a two-headed ogre
 20717 | D:12     | Noticed a death knight
 20731 | D:12     | Killed a death knight
 21008 | D:12     | Gained mutation: You are powered by pain. [demonic ancestry]
 21008 | D:12     | Reached XP level 13. HP: 101/101 MP: 13/13
 21119 | Lair:1   | Entered Level 1 of the Lair of Beasts
 22182 | Lair:2   | Noticed Harold
 22203 | Lair:2   | Killed Harold
 22541 | Lair:2   | Received a gift from Trog
 22679 | Lair:2   | Found a radiant altar of Vehumet.
 23553 | Lair:3   | Noticed arthur's ghost (journeyman DgCj)
 23576 | Lair:3   | Killed arthur's ghost
 23810 | Lair:3   | Noticed Fannar
 23825 | Lair:3   | Killed Fannar
 24340 | Lair:4   | Identified a scroll of acquirement
 24344 | Lair:4   | Got a pair of distressingly furry gloves
 24355 | Lair:4   | Identified the -3 pair of gloves of Ristuops {rF+ rC+ MR- Dex+2} (You acquired it on level 4 of the Lair of Beasts)
 24452 | Lair:4   | Reached skill level 10 in Shields
 25085 | Lair:4   | You fall through a shaft!
 25280 | Lair:5   | Received a gift from Trog
 25358 | Lair:5   | Found a viscous altar of Jiyva.
 25359 | Lair:5   | Found a staircase to the Slime Pits.
 25640 | Lair:4   | Found a hole to the Spider Nest.
 25653 | Lair:4   | Gained mutation: You have an unnaturally thin skeletal structure. (Dex +6, Stealth++) [demonic ancestry]
 25653 | Lair:4   | Reached XP level 14. HP: 96/109 MP: 14/14
 25699 | Lair:4   | Found a staircase to the Swamp.
 26372 | Lair:6   | Entered Level 6 of the Lair of Beasts
 26421 | Lair:6   | Got a pitted leather armour
 26494 | Lair:6   | Identified the cursed +1 leather armour of Zaxzosh {rN++ Int+3} (You found it on level 6 of the Lair of Beasts)
 26891 | Lair:6   | Reached skill level 10 in Fighting
 27274 | Lair:6   | Noticed Snorg
 27288 | Lair:6   | Killed Snorg
 27445 | Lair:6   | Got a slimy hand crossbow
 27446 | Lair:6   | Identified the cursed +1 hand crossbow of Vaovoar {penet, rC+ rN+ Str+5 Int-4} (You found it on level 6 of the Lair of Beasts)
 29288 | D:13     | Received a gift from Trog
 29687 | D:13     | Found a gate to the Vaults.
 30711 | D:14     | Noticed Azrael
 30722 | D:14     | Gained mutation: You have claws for hands. [demonic ancestry]
 30722 | D:14     | Reached XP level 15. HP: 101/117 MP: 15/15
 30737 | D:14     | Killed Azrael
 30973 | D:14     | Reached XP level 16. HP: 124/124 MP: 16/16
 31324 | D:14     | You fall through a shaft!
 31324 | D:15     | Entered Level 15 of the Dungeon
 32163 | D:15     | Noticed Roxanne
 32269 | D:15     | Found Godiukod's Gadget Boutique.
 32277 | D:15     | Received a gift from Trog
 32347 | D:15     | Found a shadowy altar of Dithmenos.
 32477 | D:15     | Got a twisted falchion
 32478 | D:15     | Identified the +1 falchion of Massacring {venom, MR+} (You found it on level 15 of the Dungeon)
 32500 | D:15     | Killed Roxanne
 32501 | D:15     | Identified Roxanne's Almanac of Earth (You took it off Roxanne on level 15 of the Dungeon)
 32612 | D:15     | Found a staircase to the Depths.
 32846 | Elf:1    | Entered Level 1 of the Elven Halls
 32878 | Elf:1    | Found a radiant altar of Vehumet.
 32886 | Elf:1    | Reached skill level 10 in Polearms
 32886 | Elf:1    | Reached skill level 10 in Stealth
 33094 | Elf:1    | Got an amethyst-encrusted leather armour
 33099 | Elf:1    | Identified the +2 leather armour of Levity {rElec} (You found it on level 1 of the Elven Halls)
 33113 | Elf:1    | Noticed arthur's ghost (adept GrEE)
 33116 | Elf:1    | Noticed Aizul
 33130 | Elf:1    | Killed arthur's ghost
 33142 | Elf:1    | Killed Aizul
 33916 | Elf:1    | Reached skill level 10 in Dodging
 34100 | Elf:1    | Noticed Terandir's ghost (adept MiFi)
 34129 | Elf:1    | Killed Terandir's ghost
 34293 | Elf:1    | Found a deep blue altar of Sif Muna.
 34345 | Elf:1    | Received a gift from Trog
 34506 | Elf:1    | Identified Sif Muna's Almanac of Supportive Attacks
 34688 | Elf:2    | Found a portal to a secret trove of treasure.
 34734 | Elf:2    | Found a frozen archway.
 34794 | IceCv    | Entered an ice cave
 37106 | Elf:2    | Found Quecutodgh's Magic Scroll Boutique.
 37150 | Elf:2    | Found a runed gate.
 37150 | Elf:2    | Found a runed gate.
 37164 | Elf:2    | Gained mutation: Your magical and physical power is slightly enhanced at high health. [demonic ancestry]
 37164 | Elf:2    | Reached XP level 17. HP: 121/133 MP: 17/17
 37170 | Elf:2    | Found a runed gate.
 37191 | Elf:2    | Noticed Donald
 37507 | Elf:2    | Identified a +2 pair of boots of running (You found it in an ice cave)
 38154 | Elf:2    | Killed Donald
 38171 | Elf:2    | Received a gift from Trog
 38321 | Elf:2    | Noticed a deep elf blademaster
 38335 | Elf:2    | Killed a deep elf blademaster
 39090 | Elf:3    | Entered Level 3 of the Elven Halls
 39296 | Elf:3    | Noticed Totori's ghost (adept CeHu)
 39330 | Elf:3    | Killed Totori's ghost
 39637 | D:8      | Bought the +9 shadow dragon scales "Supnirr" {+Fly Stlth++++} for 1840 gold pieces
 39876 | Swamp:1  | Entered Level 1 of the Swamp
 40188 | Swamp:1  | Received a gift from Trog
 42066 | Swamp:3  | Received a gift from Trog
 43088 | Swamp:4  | Entered Level 4 of the Swamp
 43282 | Swamp:4  | Reached XP level 18. HP: 142/142 MP: 18/18
 43317 | Swamp:4  | Got a dazzling flail
 43318 | Swamp:4  | Identified the +2 flail of the Fray {crush, rElec} (You found it on level 4 of the Swamp)
 44752 | Swamp:4  | Slain by a death yak

Skill      XL: |  1  2  3  4  5  6  7  8  9 10 11 12 13 14 15 16 17 18 |
---------------+-------------------------------------------------------+-----
Long Blades    | 3 4 5 6 7 |  7.0
Armour         | 2 3 4 5 6 7 8 9 10 11 12 13 | 13.0
Dodging        | 2 3 4 5 6 7 8 9 10 11 | 11.2
Fighting       | 4 5 6 7 8 9 10 11 12 13 | 13.0
Shields        | 1 3 4 5 7 9 10 12 13 | 13.9
Stealth        | 2 3 5 6 7 8 9 10 11 | 11.7
Polearms       | 3 5 6 8 9 10 12 | 12.1

Action                   |  1- 3 |  4- 6 |  7- 9 | 10-12 | 13-15 | 16-18 || total
-------------------------+-------+-------+-------+-------+-------+-------++-------
Melee: Falchion          |   111 |    55 |   962 |       |       |       ||  1128
       Spear             |       |       |    39 |   894 |  1059 |       ||  1992
       Demon trident     |       |       |       |       |   136 |  1133 ||  1269
       Scimitar          |       |       |       |       |       |    77 ||    77
Invok: Berserk           |     4 |     5 |    14 |    13 |    10 |    12 ||    58
       Burn Spellbooks   |       |       |     2 |     3 |     3 |     3 ||    11
       Brothers in Arms  |       |       |       |     3 |       |     6 ||     9
       Trog's Hand       |       |       |       |       |       |     2 ||     2
  Use: Scroll            |       |       |    15 |     9 |    24 |    14 ||    62
       Potion            |       |       |       |     4 |     3 |     7 ||    14
 Stab: Distracted        |       |       |     1 |     6 |    13 |    20 ||    40
       Sleeping          |       |       |       |     9 |    22 |    34 ||    65
  Eat: Chunk             |     8 |     3 |    27 |    41 |    32 |    16 ||   127
       Ration            |       |     2 |     4 |     1 |     3 |    13 ||    23
Armor: Animal skin       |     5 |       |       |       |       |       ||     5
       Chain mail        |    57 |    23 |   436 |   200 |   203 |   100 ||  1019
       Plate armour      |       |       |       |    45 |       |       ||    45
       Shadow dragon sca |       |       |       |       |       |   197 ||   197
Dodge: Dodged            |    50 |    20 |   238 |   231 |   252 |   267 ||  1058
       Deflected         |       |       |       |       |     2 |    20 ||    22
Block: Shield            |       |       |   417 |   245 |       |       ||   662
       Large shield      |       |       |       |   244 |   822 |   706 ||  1772
       Rpst.: Falchion   |    18 |     7 |    76 |       |       |       ||   101
       Scimitar          |       |       |       |       |       |     8 ||     8
